 Dungeon Crawl Stone Soup version 0.22-a0-748-g283c1ef38e (webtiles) character file.

22670 Bapho the Impaler (level 13, -20/103 HPs)
             Began as a Merfolk Gladiator on July 15, 2018.
             Demolished by Mandevil's ghost (35 damage)
             ... on level 13 of the Dungeon.
             The game lasted 00:35:24 (15234 turns).

Bapho the Impaler (Merfolk Gladiator)              Turns: 15234, Time: 00:35:25

Health: -20/103    AC: 17    Str: 14    XL:     13   Next: 1%
Magic:  13/13      EV: 20    Int: 14    God:    Xom [...*..]
Gold:   2561       SH:  0    Dex: 19    Spells: 12/12 levels left

rFire    + . .     SeeInvis +   l - +2 trident (pierce)
rCold    . . .     Gourm    +   (no shield)
rNeg     + + +     Faith    .   I - +0 ring mail
rPois    .         Spirit   .   h - +1 helmet {SInv}
rElec    +         Reflect  .   u - scarf {repulsion}
rCorr    .         Harm     .   k - +0 pair of gloves
MR       .....                  P - +0 pair of boots "Weefokisch" {*Contam rN+++ Int+3 Dex-4}
Stlth    +.........             Q - amulet of the gourmand
HPRegen  0.27/turn              D - +4 ring of intelligence
MPRegen  0.13/turn              o - +4 ring of protection

@: confused, berserk cooldown, very slightly contaminated, slowed, invisible,
repel missiles, very slow
A: change form in water, swift swim, stealthy swim, fangs 1, thin skeletal
structure 1, agile 1, fire resistance 1, shaggy fur 1, electricity resistance,
weak 1, MP-powered wands
a: Renounce Religion


You were on level 13 of the Dungeon.
You worshipped Xom.
You were a favourite toy of Xom.
You were completely stuffed.

You visited 1 branch of the dungeon, and saw 13 of its levels.

You collected 2893 gold pieces.
You spent 332 gold pieces at shops.

Inventory:

Hand Weapons
 l - a +2 trident of piercing (weapon)
 J - the +5 halberd of Chance {chop, +Blink Int+4 Dex-5}
   (Xom gifted it to you on level 7 of the Dungeon)

   It inflicts extra damage upon your enemies.
   It affects your intelligence (+4).
   It affects your dexterity (-5).
   It lets you blink.
Missiles
 g - 383 stones
 V - 2 tomahawks (quivered)
Armour
 h - a +1 helmet of see invisible (worn)
 k - a +0 pair of gloves (worn)
 u - a scarf of repulsion (worn)
 I - a +0 ring mail (worn)
 P - the +0 pair of boots "Weefokisch" (worn) {*Contam rN+++ Int+3 Dex-4}
   (You bought it in a shop on level 9 of the Dungeon)

   It affects your intelligence (+3).
   It affects your dexterity (-4).
   It renders you almost immune to negative energy.
   It causes magical contamination when unequipped.
Jewellery
 o - a +4 ring of protection (right hand)
 r - an uncursed ring of ice
 v - an uncursed amulet of magic regeneration
 D - a +4 ring of intelligence (left hand)
 O - an uncursed ring of positive energy
 Q - an amulet of the gourmand (around neck)
 R - an uncursed ring of see invisible {unknown}
Wands
 a - a wand of disintegration (17)
 q - a wand of flame (14)
 w - a wand of iceblast (8)
 x - a wand of random effects (73)
 C - a wand of digging (19)
 F - a wand of paralysis (6)
 H - a wand of enslavement (20)
Scrolls
 c - a scroll of remove curse
 i - a scroll of teleportation
 t - 2 scrolls of enchant armour {unknown}
 y - a scroll of torment {unknown}
 N - a scroll of magic mapping {unknown}
 S - a scroll of enchant weapon {unknown}
Potions
 d - 3 potions of heal wounds
 m - 2 potions of cancellation
 n - 5 potions of curing
 p - 4 potions of ambrosia
 z - 4 potions of flight
 B - a potion of berserk rage
 G - 4 potions of brilliance
 L - a potion of haste
Comestibles
 f - 27 rations


   Skills:
 - Level 10.2 Fighting
 - Level 17.5 Polearms
 - Level 2.0 Throwing
 + Level 8.7 Armour
 - Level 12.4 Dodging


You had 12 spell levels left.
You didn't know any spells.
Your spell library contained the following spells:

 Spells                   Type           Power        Failure   Level  Hunger
 Confuse                  Hex            #.......     83%         3    ####...
 Tukima's Dance           Hex            #.......     83%         3    ####...
 Ensorcelled Hibernation  Hex/Ice        #.....       61%         2    ###....
 Corona                   Hex            #......      45%         1    ##.....
 Dazzling Spray           Conj/Hex       #.....       83%         3    ####...


Dungeon Overview and Level Annotations

Branches:
Dungeon (13/15)            Temple (0/1) D:7            Lair (0/6) D:11
    Orc (0/2) D:11
 Vaults: D:13-14

Altars:
Ashenzari
Dithmenos
Elyvilon
Qazlal
Sif Muna
Xom

Shops:
D:9 [   D:11 (

Annotations:
D:13 Mandevil's ghost, journeyman FeTm


Innate Abilities, Weirdness & Mutations

You revert to your normal form in water.
You are very nimble and swift while swimming.
You are very stealthy in the water. (Stealth+)
You have very sharp teeth.
You have a somewhat thin skeletal structure. (Dex +2, Stealth)
You are agile. (Dex +2)
Your flesh is heat resistant. (rF+)
You are covered in fur. (AC +1)
You are resistant to electric shocks. (rElec)
You are weak. (Str -2)
You expend magic power (3 MP) to strengthen your wands.


Message History

You miss Mandevil's ghost. Your bite misses Mandevil's ghost.
Mandevil's ghost is moderately damaged.
The crude trident {chaos} hits you. The crude trident {chaos} hits you!
Mandevil's ghost stares at you and mumbles some strange words.
You are more confused.
You bump into the translucent stone wall.
The crude trident {chaos} hits you.
You fade into invisibility!
You are very lightly contaminated with residual magic.
Xom is mildly amused.
Xom is amused.
Mandevil's ghost hits you. The crude trident {chaos} hits you!
The crude trident {chaos} burns you.
You bump into the translucent stone wall.
The crude trident {chaos} barely misses you.
Mandevil's ghost hits you!!
* * * LOW HITPOINT WARNING * * *
The crude trident {chaos} barely misses you.
Mandevil's ghost hits you!!
You die...
Xom chortles!

.......... .........
.......# ####+# ......#
######....##+##.....#
..............#.....#
..............#.....#
..............#.....#
......<.†......W@...#
###############(##......#
#$_$#......# ##.##......#
### ......# ......#
......# ##....#


You could see a crude trident {chaos} and Mandevil's ghost.

Vanquished Creatures
  Harold (D:11)
  A hydra (D:8)
  7 two-headed ogres
  A fire crab (shapeshifter) (D:12)
  2 unseen horrors
  Pikel (D:8)
  2 cyclopes
  2 oklob plants (D:11)
  A manticore (D:11)
  2 ugly things (D:11)
  Joseph (D:7)
  Psyche (D:11)
  2 centaur skeletons
  4 trolls
  4 hippogriffs
  A spriggan (D:8)
  A wraith (D:11)
  A vampire (D:9)
  A wyvern (D:10)
  7 yaks
  A steam dragon (D:8)
  Menkaure (D:7)
  A hungry ghost (D:10)
  4 orc warriors
  3 black bears
  3 ice beasts
  4 sky beasts
  An eye of draining (D:12)
  4 phantoms
  5 ogres
  A necrophage (D:11)
  6 centaurs
  2 crocodiles (D:11)
  Blork the orc (D:8)
  7 big kobolds
  7 bullfrogs
  4 scorpions
  24 killer bees
  14 wights
  7 howler monkeys
  6 crimson imps
  5 hounds
  A quasit (D:10)
  3 bullfrog skeletons
  A bullfrog zombie (D:9)
  6 orc priests
  11 orc wizards
  Crazy Yiuf (D:7)
  2 jellies
  Jessica (D:2)
  An iguana (D:5)
  3 worker ants
  A killer bee zombie (D:10)
  2 hound skeletons
  Robin (D:3)
  7 adders
  A river rat (D:3)
  A shadow imp (D:8)
  An ooze (D:5)
  2 adder zombies
  3 leopard geckos
  53 orcs
  A ball python (D:4)
  2 giant cockroaches
  10 goblins
  10 hobgoblins
  8 jackals
  25 kobolds
  3 quokkas
  A ball python skeleton (D:4)
  8 bats
  6 frilled lizards
  A jackal skeleton (D:8)
  7 rats
  A plant (D:11)
339 creatures vanquished.

Vanquished Creatures (collateral kills)
  Prince Ribbit (D:8)
  2 dream sheep (D:8)
  A yak (D:8)
  An orc warrior (D:6)
  A big kobold (D:8)
  A killer bee (D:11)
  A wight (D:7)
  4 orcs
12 creatures vanquished.

Vanquished Creatures (others)
  A water moccasin skeleton (D:8)
  An orc priest (D:3)
  An adder (D:3)
  An orc (D:8)
  2 goblins (D:3)
  A quokka (D:7)
  2 fire vortices (D:8)
  10 plants (D:11)
19 creatures vanquished.

Grand Total: 370 creatures vanquished

Notes
Turn   | Place    | Note
-------+----------+-------------------------------------------
     0 | D:1      | Bapho the Merfolk Gladiator began the quest for the Orb.
     0 | D:1      | Reached XP level 1. HP: 16/16 MP: 1/1
   274 | D:1      | Reached XP level 2. HP: 22/23 MP: 2/2
   297 | D:1      | Reached skill level 5 in Polearms
   359 | D:1      | Found a shimmering altar of Xom.
   378 | D:1      | Became a worshipper of Xom of Chaos
   662 | D:2      | Reached XP level 3. HP: 28/28 MP: 3/3
   702 | D:2      | Noticed Jessica
   712 | D:2      | HP: 1/28 [Jessica/wand of flame (15) (4)]
   713 | D:2      | Killed Jessica
  1103 | D:2      | Reached XP level 4. HP: 34/34 MP: 4/4
  1192 | D:2      | Reached skill level 6 in Polearms
  1314 | D:2      | Found a shadowy altar of Dithmenos.
  1474 | D:2      | XOM is BORED!
  1474 | D:2      | XOM: give mutation
  1474 | D:2      | Gained mutation: Scrolls take you a little longer to read. [Xom's mischief]
  1542 | D:3      | XOM: god gift: 35 gold pieces
  1559 | D:3      | XOM: polymorph rat -> river rat
  1685 | D:3      | Reached skill level 5 in Dodging
  1685 | D:3      | Reached XP level 5. HP: 41/41 MP: 5/5
  1685 | D:3      | XOM: divine lightning
  1767 | D:3      | XOM: fog
  1770 | D:3      | XOM: destruction
  1776 | D:3      | Noticed Robin
  1870 | D:3      | XOM: 2-stop teleportation journey
  2261 | D:3      | Reached skill level 7 in Polearms
  2308 | D:3      | Killed Robin
  2321 | D:3      | Reached XP level 6. HP: 48/48 MP: 6/6
  2466 | D:3      | XOM: harmless Conj miscast
  2809 | D:4      | XOM: medium Tmut miscast
  2848 | D:4      | XOM: confusion
  2855 | D:4      | XOM: swap monsters
  3159 | D:4      | XOM: harmless Ice miscast
  3319 | D:4      | XOM: give mutation
  3319 | D:4      | Gained mutation: Armour fits poorly on your strangely shaped body. [Xom's mischief]
  3393 | D:5      | Entered Level 5 of the Dungeon
  3427 | D:5      | Noticed a phantom
  3468 | D:5      | Killed a phantom
  3468 | D:5      | Reached skill level 8 in Polearms
  3484 | D:5      | XOM: mild Ice miscast
  3624 | D:5      | Reached XP level 7. HP: 54/54 MP: 7/7
  3824 | D:5      | Lost mutation: Scrolls take you a little longer to read. [potion of mutation]
  3824 | D:5      | Lost mutation: Armour fits poorly on your strangely shaped body. [potion of mutation]
  3824 | D:5      | Gained mutation: Your spells are a little harder to cast, but a little more powerful. [potion of mutation]
  3824 | D:5      | Gained mutation: You expend magic power (3 MP) to strengthen your wands. [potion of mutation]
  3824 | D:5      | Gained mutation: You are partially covered in molten scales. (AC +2) [potion of mutation]
  4101 | D:6      | XOM: snakes to sticks
  4108 | D:6      | XOM: smoke on damage
  4110 | D:6      | Reached skill level 9 in Polearms
  4426 | D:6      | Reached skill level 5 in Fighting
  4440 | D:6      | XOM: give mutation
  4440 | D:6      | Gained mutation: You are dopey. (Int -2) [Xom's mischief]
  4469 | D:6      | Reached skill level 10 in Polearms
  4469 | D:6      | Reached XP level 8. HP: 37/62 MP: 8/8
  4469 | D:6      | XOM: 2-stop teleportation journey
  4626 | D:6      | XOM: give mutations
  4626 | D:6      | Gained mutation: You can translocate small distances at will. [Xom's grace]
  4626 | D:6      | Gained mutation: You are resistant to electric shocks. (rElec) [Xom's grace]
  4729 | D:6      | XOM: harmless Fire miscast
  4732 | D:6      | Lost mutation: Your spells are a little harder to cast, but a little more powerful. [potion of mutation]
  4732 | D:6      | Lost mutation: You are partially covered in molten scales. (AC +2) [potion of mutation]
  4732 | D:6      | Lost mutation: You can translocate small distances at will. [potion of mutation]
  4732 | D:6      | Gained mutation: You are very dopey. (Int -4) [potion of mutation]
  4732 | D:6      | Lost mutation: You are very dopey. (Int -4) [potion of mutation]
  4838 | D:6      | XOM: summons 8 friendly demons
  4858 | D:6      | XOM: cloud trail
  4986 | D:6      | XOM: summons friendly shadow imp
  4992 | D:6      | XOM: harmless Hex miscast
  5113 | D:6      | XOM: harmless Air miscast
  5274 | D:6      | Reached skill level 11 in Polearms
  5423 | D:6      | XOM: noise
  5428 | D:6      | XOM: blink monster(s)
  5436 | D:6      | XOM: blink monster(s)
  5449 | D:6      | XOM: enchant monster (good)
  5594 | D:7      | Found a staircase to the Ecumenical Temple.
  5610 | D:7      | XOM: summons 6 friendly demons
  5660 | D:7      | Noticed Menkaure
  5669 | D:7      | Killed Menkaure
  5669 | D:7      | Reached skill level 12 in Polearms
  5669 | D:7      | Reached XP level 9. HP: 38/71 MP: 9/9
  5751 | D:7      | XOM: harmless Tmut miscast
  5829 | D:7      | Noticed Joseph
  5832 | D:7      | XOM: silly message
  5846 | D:7      | Killed Joseph
  6030 | D:7      | Paralysed by an orc for 3 turns
  6080 | D:7      | Found a white marble altar of Elyvilon.
  6159 | D:7      | XOM: harmless Erth miscast
  6173 | D:7      | XOM: god gift: fluorescent wand {god gift}
  6201 | D:7      | XOM: divination: magic mapping
  6205 | D:7      | XOM: swap monsters
  6220 | D:7      | Reached skill level 13 in Polearms
  6462 | D:7      | Found a runed door.
  6507 | D:7      | XOM: god gift: polished halberd {god gift}
  6508 | D:7      | Got a polished halberd {god gift}
  6510 | D:7      | Identified the +5 halberd of Chance {chop, +Blink Int+4 Dex-5} (Xom gifted it to you on level 7 of the Dungeon)
  6597 | D:7      | XOM is BORED!
  6665 | D:7      | XOM: god gift: weird smoking staff {god gift}
  6682 | D:7      | XOM: cloud trail
  6708 | D:7      | Paralysed by you for 4 turns
  6729 | D:7      | Found a shattered altar of Ashenzari.
  6837 | D:7      | XOM: silly message
  7004 | D:7      | Noticed Crazy Yiuf
  7013 | D:7      | Killed Crazy Yiuf
  7324 | D:8      | XOM: mild Fire miscast
  7844 | D:8      | Noticed a hornet
  7848 | D:8      | a hornet changed into a spriggan
  7848 | D:8      | XOM: polymorph hornet -> spriggan
  7867 | D:8      | Reached XP level 10. HP: 70/80 MP: 10/10
  7922 | D:8      | Noticed Pikel
  7926 | D:8      | Killed Pikel
  7926 | D:8      | Reached skill level 14 in Polearms
  7926 | D:8      | Reached skill level 10 in Dodging
  7964 | D:8      | XOM: blink monster(s)
  8179 | D:8      | Noticed Blork the orc
  8188 | D:8      | Killed Blork the orc
  8191 | D:8      | Found a deep blue altar of Sif Muna.
  8300 | D:8      | XOM: god gift: 2180 gold pieces
  8337 | D:8      | XOM: swap monsters
  8363 | D:8      | XOM: summons 2 hostile shadow creatures
  8456 | D:8      | Reached skill level 15 in Polearms
  8533 | D:8      | XOM: give mutations
  8533 | D:8      | Gained mutation: Your flesh is heat resistant. (rF+) [Xom's grace]
  8533 | D:8      | Gained mutation: You have a pair of small horns on your head. [Xom's grace]
  8778 | D:8      | Noticed Prince Ribbit
  8780 | D:8      | XOM: cast spell 'Monstrous Menagerie'
  8795 | D:8      | Killed Prince Ribbit
  8916 | D:8      | Noticed a three-headed hydra
  8926 | D:8      | Killed a four-headed hydra
  9170 | D:8      | Reached XP level 11. HP: 85/89 MP: 11/11
  9277 | D:9      | Noticed a two-headed ogre
  9286 | D:9      | Killed a two-headed ogre
  9286 | D:9      | Reached skill level 16 in Polearms
  9452 | D:9      | Noticed a two-headed ogre
  9465 | D:9      | Killed a two-headed ogre
  9529 | D:9      | XOM: give mutation
  9529 | D:9      | Lost mutation: You are dopey. (Int -2) [Xom's mischief]
  9581 | D:9      | XOM: chaos cloud
  9587 | D:9      | XOM: enchant monster (good)
  9649 | D:9      | XOM: give mutation
  9649 | D:9      | Gained mutation: Your body sometimes deteriorates upon taking damage. [Xom's mischief]
  9719 | D:9      | XOM: 4-stop teleportation journey
 10061 | D:9      | Found Huacsi's Antique Armour Boutique.
 10068 | D:9      | Bought a pair of translucent boots for 332 gold pieces
 10154 | D:9      | Identified the +0 pair of boots "Weefokisch" {*Contam rN+++ Int+3 Dex-4} (You bought it in a shop on level 9 of the Dungeon)
 10437 | D:10     | Entered Level 10 of the Dungeon
 10454 | D:10     | Noticed a two-headed ogre
 10462 | D:10     | Killed a two-headed ogre
 10462 | D:10     | Reached skill level 10 in Fighting
 10462 | D:10     | Reached skill level 17 in Polearms
 10707 | D:9      | XOM: divination: magic mapping
 10755 | D:10     | XOM: harmless Conj miscast
 10846 | D:10     | Noticed a two-headed ogre
 10862 | D:10     | Killed a two-headed ogre
 11313 | D:10     | XOM: give mutations
 11313 | D:10     | Gained mutation: You are weak. (Str -2) [Xom's mischief]
 11313 | D:10     | Gained mutation: You occasionally shout uncontrollably at your foes. [Xom's mischief]
 11313 | D:10     | Lost mutation: You have a pair of small horns on your head. [Xom's mischief]
 11313 | D:10     | Lost mutation: Your body sometimes deteriorates upon taking damage. [Xom's mischief]
 11353 | D:10     | XOM: god gift: ring mail {god gift}
 11544 | D:10     | Reached skill level 1 in Armour
 11624 | D:11     | XOM: chaos upgrade
 11726 | D:11     | Noticed a red ugly thing
 11848 | D:11     | Found a stormy altar of Qazlal.
 11884 | D:11     | XOM: divination: detect creatures
 11889 | D:11     | XOM: summons 3 hostile demons
 11891 | D:11     | XOM: enchant monster (bad)
 11898 | D:11     | XOM: enchant monster (bad)
 12186 | D:11     | Noticed a two-headed ogre
 12194 | D:11     | Reached XP level 12. HP: 97/97 MP: 12/12
 12200 | D:11     | XOM: noise
 12206 | D:11     | XOM: confusion
 12208 | D:11     | XOM: 1-stop teleportation journey
 12223 | D:11     | XOM: 1-stop teleportation journey
 12224 | D:11     | Noticed a two-headed ogre
 12229 | D:11     | Found a staircase to the Orcish Mines.
 12261 | D:11     | XOM: confusion
 12278 | D:11     | XOM: confuse monster(s)
 12301 | D:11     | XOM: harmless Tloc miscast
 12321 | D:11     | XOM: cast spell 'Summon Small Mammal'
 12322 | D:11     | XOM: cast spell 'Summon Small Mammal'
 12325 | D:11     | XOM: potion effect (invisibility)
 12402 | D:12     | XOM: harmless Erth miscast
 12436 | D:12     | XOM: summons 4 friendly demons
 12811 | D:11     | XOM: torment (56/97 hp)
 12819 | D:11     | XOM: silly message
 12820 | D:11     | XOM: harmless Summ miscast
 12826 | D:11     | Killed a two-headed ogre
 12826 | D:11     | Reached skill level 5 in Armour
 12842 | D:11     | XOM: cloud trail
 12994 | D:11     | XOM: cloud trail
 13149 | D:11     | Noticed Psyche
 13156 | D:11     | XOM: fake destruction
 13159 | D:11     | Killed Psyche
 13163 | D:11     | Found Duhuaho's Antique Weapon Shoppe.
 13163 | D:11     | XOM: 7-stop teleportation journey
 13255 | D:11     | Killed a two-headed ogre
 13302 | D:11     | XOM: potion effect (might)
 13307 | D:11     | Noticed Harold
 13325 | D:11     | Killed Harold
 13446 | D:11     | XOM: severe Conj miscast
 13938 | D:11     | Found a staircase to the Lair.
 13968 | D:11     | XOM: destruction
 14171 | D:12     | XOM: polymorph yak -> hippogriff
 14176 | D:12     | XOM: swap monsters
 14194 | D:12     | XOM: give mutation
 14194 | D:12     | Lost mutation: You occasionally shout uncontrollably at your foes. [Xom's mischief]
 14282 | D:12     | XOM: harmless Pois miscast
 14346 | D:12     | XOM: cast spell 'Monstrous Menagerie'
 14483 | D:12     | XOM is BORED!
 14483 | D:12     | XOM: mild Pois miscast
 14634 | D:12     | Noticed a two-headed ogre
 14634 | D:12     | XOM: summons friendly ufetubus
 14637 | D:12     | XOM: enchant monster (good)
 14647 | D:12     | Killed a two-headed ogre
 14762 | D:12     | XOM: silly message
 15140 | D:12     | XOM: give mutations
 15140 | D:12     | Gained mutation: You are agile. (Dex +2) [Xom's grace]
 15140 | D:12     | Gained mutation: You are covered in fur. (AC +1) [Xom's grace]
 15140 | D:12     | Gained mutation: You have very sharp teeth. [Xom's grace]
 15140 | D:12     | Gained mutation: You have a somewhat thin skeletal structure. (Dex +2, Stealth) [Xom's grace]
 15193 | D:13     | Found a runed door.
 15200 | D:13     | Found a shimmering altar of Xom.
 15200 | D:13     | Noticed Mandevil's ghost (journeyman FeTm)
 15213 | D:13     | Reached XP level 13. HP: 103/103 MP: 13/13
 15234 | D:13     | Demolished by Mandevil's ghost

Vault maps used:
D:1:      mushboom_english_gardens, st_stairs_9, xom_teletrap_fun
D:2:      grunt_dithmenos_smoke_and_mirrors, uniq_jessica
D:3:      first_ration, minmay_tree_intersection, uniq_robin
D:4:      minmay_wonky_spiral
D:7:      kennysheep_mini_moat, temple_pool_b, elyvilon_altar_4, uniq_menkaure,
          uniq_joseph, uniq_crazy_yiuf_cottage
D:8:      hangedman_ranch, tgw_sif, uniq_prince_ribbit1, uniq_pikel
D:9:      serial_shops, nicolae_shop_competitors_out_of_business
D:11:     dpeg_oklobed_lair, orc_0_dummy, serial_shops, nicolae_shop_waterfront,
          grunt_qazlal_clouds, uniq_psyche, uniq_harold
D:13:     ebering_ghost_xom

Skill      XL: |  1  2  3  4  5  6  7  8  9 10 11 12 |
---------------+-------------------------------------+-----
Polearms       | 5 6 7 8 10 12 13 15 17 | 17.5
Fighting       | 3 4 5 6 7 9 10 | 10.2
Dodging        | 5 6 7 8 9 11 12 | 12.4
Armour         | 3 8 |  8.7
Throwing       | |  2.0

Action                   |  1- 3 |  4- 6 |  7- 9 | 10-12 | 13-15 || total
-------------------------+-------+-------+-------+-------+-------++-------
Melee: Trident           |    84 |   253 |   239 |   468 |     4 ||  1048
       Halberd           |       |       |    47 |   295 |       ||   342
       Headbutt          |       |       |       |    22 |       ||    22
Throw: Stone             |    26 |    67 |    37 |   119 |       ||   249
       Tomahawk          |       |    46 |    67 |   111 |       ||   224
  Use: Scroll            |       |     6 |     3 |     4 |     1 ||    14
       Potion            |       |     3 |     6 |     1 |     1 ||    11
 Stab: Sleeping          |     1 |       |       |       |       ||     1
       Confused          |       |     1 |     1 |     2 |       ||     4
       Petrifying        |       |       |     2 |       |       ||     2
       Petrified         |       |       |     2 |       |       ||     2
       Distracted        |       |       |       |     1 |       ||     1
       Invisible         |       |       |       |     1 |       ||     1
  Eat: Chunk             |       |     9 |    11 |    37 |       ||    57
       Ration            |       |       |     1 |       |       ||     1
Armor: Leather armour    |     3 |       |       |       |       ||     3
       Ring mail         |    12 |    65 |    71 |   150 |     5 ||   303
Dodge: Dodged            |    43 |   137 |   148 |   377 |     5 ||   710
       Deflected         |       |       |     2 |    20 |       ||    22

Table legend:
 A = Spawn XP
 B = Non-spawn XP
 C = Spawn XP percentage of total XP
 D = Spawn monster count
 E = Non-spawn monster count
 F = Spawn count percentage of total count
 G = Total turns spent on level
                    A         B        C        D         E        F      G
               +---------+---------+-------+---------+---------+-------+---------
         Total |       0 |   32387 |   0.0 |       0 |     354 |   0.0 | 15234
               +---------+---------+-------+---------+---------+-------+---------
           D:1 |       0 |      30 |   0.0 |       0 |      20 |   0.0 |   654
           D:2 |       0 |      89 |   0.0 |       0 |      18 |   0.0 |   887
           D:3 |       0 |     209 |   0.0 |       0 |      40 |   0.0 |   998
           D:4 |       0 |      46 |   0.0 |       0 |       7 |   0.0 |   854
           D:5 |       0 |     424 |   0.0 |       0 |      17 |   0.0 |   704
           D:6 |       0 |    1325 |   0.0 |       0 |      30 |   0.0 |  1491
           D:7 |       0 |    1756 |   0.0 |       0 |      23 |   0.0 |  1666
           D:8 |       0 |    5561 |   0.0 |       0 |      48 |   0.0 |  2016
           D:9 |       0 |    3782 |   0.0 |       0 |      38 |   0.0 |  1445
          D:10 |       0 |    3644 |   0.0 |       0 |      32 |   0.0 |   898
          D:11 |       0 |   10283 |   0.0 |       0 |      56 |   0.0 |  2046
          D:12 |       0 |    4416 |   0.0 |       0 |      23 |   0.0 |  1528
          D:13 |       0 |     822 |   0.0 |       0 |       2 |   0.0 |    47
               +---------+---------+-------+---------+---------+-------+---------
